Map: Echo LE (Void)

Players

Crenna - Winner!

  • Race: Protoss Protoss
  • League: Gold
  • Spawn Location: 11:00

Fropez

  • Race: Protoss Protoss
  • League: Gold
  • Spawn Location: 5:00

VOD

Have the link to the VOD?

Description

Time

  • Played on: Dec. 6, 2016, 12:51 p.m.
  • Length: 12:28
Show
View Real Time Build Order
Export as new Build Order

Crenna Protoss - Winner!

Build Orders:  

Get SALT Encoding   

  12  0:12  Probe (Chrono Boost)  
  13  0:19  Pylon  
  13  0:22  Probe (Chrono Boost)  
  14  0:28  Assimilator  
  14  0:41  Gateway  
  14  0:42  Probe (Chrono Boost)  
  15  0:52  Probe (Chrono Boost)  
  15  0:53  Assimilator  
  16  1:03  Probe (Chrono Boost)  
  17  1:13  Probe (Chrono Boost)  
  18  1:24  Probe (Chrono Boost)  
  19  1:34  Zealot (Chrono Boost)  
  21  1:54  Probe  
  22  2:06  Probe  
  23  2:26  Pylon  
  23  2:39  Probe  
  23  2:45  Zealot (Chrono Boost)  
  25  2:51  Probe, Cybernetics Core  
  25  2:55  Gateway  
  25  2:57  Gateway  
  26  3:03  Probe  
  27  3:13  Pylon  
  27  3:15  Probe  
  27  3:17  Zealot (Chrono Boost)  
  30  3:27  Probe  
  30  3:29  Forge  
  30  3:32  Warp Gate (Chrono Boost)  
  31  3:39  Probe  
  31  3:40  Stalker (Chrono Boost)  
  34  3:45  Pylon  
  34  3:52  Probe  
  34  3:54  Stalker (Chrono Boost)  
  37  4:02  Pylon  
  37  4:04  Probe  
  37  4:08  Stalker (Chrono Boost)  
  40  4:16  Probe  
  41  4:23  Stalker (Chrono Boost)  
  43  4:25  Stalker (Chrono Boost)  
  45  4:44  Probe  
  48  4:45  Stalker (Chrono Boost)  
  48  5:06  Stargate  
  48  5:09  Stargate  
  48  5:12  Probe  
  48  5:13  Pylon  
  49  5:35  Nexus  
  49  5:42  Photon Cannon  
  49  5:44  Probe  
  50  5:55  Oracle  
  50  5:56  Oracle  
  56  6:03  Probe  
  57  6:05  Protoss Air Weapons Level 1 (Chrono Boost)  
  57  6:15  Robotics Facility  
  57  6:22  Pylon  
  57  6:23  Probe  
  58  6:29  Protoss Ground Weapons Level 1  
  58  6:35  Probe  
  59  6:47  Probe, Photon Cannon  
  59  6:48  Probe  
  61  7:11  Probe  
  61  7:13  Probe  
  63  7:17  Assimilator  
  63  7:18  Assimilator  
  63  7:20  Observer  
  64  7:25  Pylon x2  
  64  7:32  Photon Cannon  
  64  7:34  Photon Cannon  
  64  7:37  Pylon  
  64  7:40  Stalker  
  64  7:41  Stalker x2  
  70  7:52  Observer  
  71  7:58  Void Ray (Chrono Boost)  
  69  8:16  Void Ray (Chrono Boost)  
  73  8:46  Void Ray (Chrono Boost)  
  77  8:54  Stalker  
  77  8:55  Stalker x2  
  83  9:04  Void Ray (Chrono Boost)  
  87  9:12  Probe  
  87  9:13  Probe  
  89  9:26  Nexus  
  89  9:31  Assimilator  
  89  9:34  Assimilator  
  89  9:36  Pylon, Probe x2  
  91  9:39  Pylon  
  91  9:43  Pylon  
  91  9:57  Stalker x3  
  94  10:11  Probe x2  
  94  10:23  Probe x2  
  94  10:26  Observer  
  97  10:32  Void Ray x2 (Chrono Boost)  
  105  10:35  Probe  
  105  10:36  Probe  
  105  10:41  Probe  
  108  10:47  Probe  
  108  10:48  Probe  
  110  10:51  Probe  
  110  10:55  Photon Cannon  
  111  10:58  Photon Cannon  
  111  11:01  Probe x2  
  111  11:02  Probe, Gateway  
  111  11:03  Gateway  
  114  11:06  Warp Prism  
  116  11:17  Void Ray (Chrono Boost)  
  120  11:24  Void Ray (Chrono Boost)  
  124  11:36  Fleet Beacon  
  124  11:44  Photon Cannon  
  124  11:47  Pylon  
  132  12:05  Photon Cannon  
  132  12:06  Probe  
  134  12:08  Probe x2  
Show
View Real Time Build Order
Export as new Build Order

Fropez Protoss 

Build Orders: Cannon Rush 

Get SALT Encoding   

  12  0:01  Probe (Chrono Boost)  
  13  0:17  Pylon, Probe (Chrono Boost)  
  14  0:27  Probe (Chrono Boost)  
  16  0:43  Forge  
  16  0:45  Probe (Chrono Boost)  
  16  0:51  Gateway  
  16  0:59  Probe (Chrono Boost)  
  17  1:04  Pylon  
  17  1:12  Pylon  
  17  1:29  Photon Cannon  
  17  1:42  Photon Cannon  
  17  1:57  Pylon  
  17  1:58  Photon Cannon  
  17  2:09  Photon Cannon  
  17  2:21  Zealot  
  17  2:22  Assimilator  
  19  2:24  Assimilator  
  19  2:25  Probe (Chrono Boost)  
  19  2:31  Cybernetics Core  
  19  2:35  Probe (Chrono Boost)  
  20  2:55  Probe (Chrono Boost)  
  21  3:01  Pylon  
  21  3:07  Warp Gate (Chrono Boost)  
  21  3:13  Stalker  
  23  3:22  Probe  
  24  3:36  Mothership Core  
  26  3:50  Gateway  
  26  3:57  Probe  
  27  4:06  Stalker  
  27  4:09  Probe  
  28  4:20  Gateway  
  28  4:21  Probe  
  29  4:24  Pylon  
  29  4:29  Robotics Facility  
  29  4:33  Probe  
  30  4:41  Pylon  
  30  4:46  Probe  
  31  4:58  Probe  
  32  5:04  Stalker x2  
  36  5:16  Twilight Council, Observer (Chrono Boost)  
  37  5:30  Sentry  
  37  5:32  Sentry  
  41  5:49  Immortal (Chrono Boost)  
  45  6:16  Blink (Chrono Boost)  
  45  6:50  Pylon  
  45  6:51  Gateway  
  45  6:53  Pylon  
  34  7:10  Probe  
  36  7:22  Probe  
  36  7:23  Stalker x3  
  42  7:35  Probe  
  43  7:39  Protoss Ground Weapons Level 1 (Chrono Boost)  
  43  7:47  Probe  
  43  7:53  Stalker x2  
  43  7:54  Zealot  
  43  7:55  Zealot  
  51  8:23  Nexus  
  51  8:27  Pylon  
  51  8:30  Pylon  
  51  8:32  Pylon  
  49  8:36  Assimilator  
  49  8:38  Assimilator  
  47  8:44  Pylon  
  45  8:50  Stalker  
  47  8:58  Immortal  
  51  9:18  Stalker  
  51  9:20  Stalker  
  55  9:34  Stalker  
  49  10:15  Stalker x2  
  49  10:16  Stalker  
  53  10:22  Protoss Ground Armor Level 1 (Chrono Boost)  
  53  10:39  Photon Cannon  
  53  10:41  Photon Cannon  
  53  10:50  Pylon  
  53  10:51  Probe  
  53  10:56  Probe  
  55  11:12  Templar Archives  
  55  11:13  Probe  
  55  11:15  Probe  
  57  11:23  Sentry x2  
  61  11:33  Stalker  
  63  11:57  Stalker x2  
  67  12:01  Sentry  
Tags
 
League
GoldGold
Matchup
PvP
Replay Pack
All Mines
Spawn Locations
Cross Positions
Add a new tag
Caveats
  • Supply blocks, unpowered buildings, or Contaminate may cause inaccurate times.
  • Supply counts are checked every 10 seconds.